[ AOE2 MATCH · #513480416 ]
UnrankedBulgarians vs Slavs
Player's team · LOSS
Rival team · WIN
[ REPLAY ANALYSIS · EXTRACTED FROM THE RECORDED GAME ]
Feudal
10:15
Castle
20:52
Imperial
31:59
| APM avg | 74.0 |
| APM peak | 158 |
| eAPM avg | 33.7 |
| Villagers / military | 177 / 120 |
Focus
⚔️ 40.5% · 🌾 59.5%
Cavalry Archer ×92 · Knight ×14 · Trebuchet (Packed) ×6 · Militia ×4 · Skirmisher ×3 · Monk ×1
Feudal
8:57
Castle
19:42
Imperial
35:42
| APM avg | 48.8 |
| APM peak | 89 |
| eAPM avg | 25.6 |
| Villagers / military | 167 / 106 |
Focus
⚔️ 34.9% · 🌾 65.1%
Skirmisher ×38 · Boyar ×23 · Scout Cavalry ×22 · Knight ×8 · Trebuchet (Packed) ×8 · Monk ×5
Match map
Initial resources + every placement click. Lines = walls · curves = elevation contours. ◆ gold · ⬟ stone · ● berries · ✦ relic · ◌ wall gap
Your base· Open — opponent sealed themselves in
[CL] el castigador's base· ✓ Closed at 19:42 · 56t walls · 1 gate(s)
Smoothed initial terrain · ◌ = detected wall gap · hover for details
Inputs per minute
— sansarr_ - - [CL] el castigador
Build order — sansarr_
First 150 of 469 actions detected
| 0:01 | Queue | Villager (Male) |
| 0:02 | Build | House |
| 0:03 | Build | House |
| 0:03 | Queue | Villager (Male) |
| 0:20 | Queue | Villager (Male) |
| 0:20 | Queue | Villager (Male) |
| 0:21 | Queue | Villager (Male) |
| 1:10 | Queue | Villager (Male) |
| 2:02 | Queue | Villager (Male) |
| 2:02 | Queue | Villager (Male) |
| 2:34 | Queue | Villager (Male) |
| 2:34 | Queue | Villager (Male) |
| 3:00 | Queue | Villager (Male) |
| 3:00 | Queue | Villager (Male) |
| 3:11 | Build | Barracks |
| 3:36 | Queue | Villager (Male) |
| 3:36 | Queue | Villager (Male) |
| 3:53 | Queue | Villager (Male) |
| 3:53 | Queue | Villager (Male) |
| 4:06 | Build | House |
| 4:33 | Queue | Villager (Male) |
| 4:34 | Queue | Villager (Male) |
| 4:53 | Queue | Militia |
| 5:10 | Queue | Militia |
| 5:35 | Queue | Militia |
| 5:35 | Queue | Villager (Male) |
| 5:38 | Research | Loom |
| 5:39 | Research | Loom |
| 5:39 | Build | House |
| 6:02 | Queue | Villager (Male) |
| 6:24 | Build | Lumber Camp |
| 6:25 | Queue | Villager (Male) |
| 7:04 | Queue | Villager (Male) |
| 8:05 | Research | Feudal Age |
| 8:11 | Build | House |
| 8:11 | Build | Palisade Wall |
| 8:21 | Build | Mill |
| 8:41 | Queue | Villager (Male) |
| 8:59 | Build | House |
| 9:00 | Build | Palisade Wall |
| 9:45 | Build | Palisade Wall |
| 10:15 | Age | Feudal Age |
| 10:23 | Queue | Villager (Male) |
| 10:48 | Research | Double-Bit Axe |
| 10:50 | Research | Horse Collar |
| 10:50 | Research | Horse Collar |
| 10:50 | Research | Horse Collar |
| 10:51 | Queue | Villager (Male) |
| 10:56 | Build | Palisade Wall |
| 11:18 | Queue | Villager (Male) |
| 11:20 | Build | Farm |
| 11:21 | Build | Farm |
| 11:31 | Queue | Militia |
| 11:34 | Build | House |
| 11:42 | Queue | Villager (Male) |
| 11:43 | Queue | Villager (Male) |
| 12:26 | Build | Archery Range |
| 12:32 | Build | Palisade Wall |
| 12:35 | Queue | Villager (Male) |
| 12:38 | Build | Farm |
| 12:43 | Build | House |
| 12:51 | Queue | Villager (Male) |
| 12:54 | Build | Farm |
| 13:14 | Queue | Villager (Male) |
| 13:16 | Build | Farm |
| 13:24 | Build | House |
| 13:29 | Build | Palisade Wall |
| 13:43 | Build | House |
| 13:45 | Queue | Villager (Male) |
| 13:47 | Build | Farm |
| 13:54 | Build | Farm |
| 14:06 | Queue | Villager (Male) |
| 14:12 | Build | Farm |
| 14:20 | Build | Farm |
| 14:38 | Build | Farm |
| 14:40 | Queue | Villager (Male) |
| 14:51 | Build | Palisade Wall |
| 14:58 | Build | Farm |
| 15:01 | Queue | Villager (Male) |
| 15:09 | Queue | Skirmisher |
| 15:10 | Queue | Skirmisher |
| 15:18 | Queue | Skirmisher |
| 15:22 | Queue | Villager (Male) |
| 15:27 | Build | Farm |
| 15:39 | Queue | Villager (Male) |
| 15:56 | Queue | Villager (Male) |
| 16:00 | Build | Mining Camp |
| 16:03 | Build | Mining Camp |
| 16:06 | Build | Palisade Wall |
| 16:15 | Build | Farm |
| 16:16 | Build | Farm |
| 16:40 | Build | House |
| 16:42 | Build | Palisade Wall |
| 16:52 | Queue | Villager (Male) |
| 17:01 | Build | Farm |
| 17:01 | Build | Farm |
| 17:06 | Build | Farm |
| 17:22 | Queue | Villager (Male) |
| 17:26 | Build | Blacksmith |
| 17:30 | Queue | Villager (Male) |
| 17:59 | Research | Gold Mining |
| 18:01 | Research | Fletching |
| 18:01 | Research | Padded Archer Armor |
| 18:02 | Research | Padded Archer Armor |
| 18:04 | Research | Castle Age |
| 18:12 | Research | Fletching |
| 18:32 | Research | Padded Archer Armor |
| 18:32 | Research | Padded Archer Armor |
| 18:32 | Research | Padded Archer Armor |
| 18:36 | Queue | Villager (Male) |
| 18:48 | Build | Archery Range |
| 18:51 | Build | Palisade Wall |
| 19:18 | Queue | Villager (Male) |
| 19:22 | Research | Scale Barding Armor |
| 19:23 | Research | Scale Barding Armor |
| 19:26 | Build | Stable |
| 19:31 | Build | Stable |
| 19:32 | Build | Palisade Wall |
| 19:32 | Build | Palisade Wall |
| 20:24 | Research | Bloodlines |
| 20:24 | Research | Bloodlines |
| 20:45 | Queue | Villager (Male) |
| 20:52 | Age | Castle Age |
| 20:53 | Build | Town Center |
| 20:55 | Queue | Cavalry Archer |
| 20:55 | Queue | Cavalry Archer |
| 20:56 | Research | Bodkin Arrow |
| 20:56 | Research | Bodkin Arrow |
| 20:58 | Research | Husbandry |
| 20:58 | Research | Husbandry |
| 20:59 | Queue | Cavalry Archer |
| 20:59 | Queue | Cavalry Archer |
| 21:01 | Queue | Knight |
| 21:17 | Queue | Cavalry Archer |
| 21:25 | Research | Chain Barding Armor |
| 21:27 | Queue | Knight |
| 21:37 | Queue | Villager (Male) |
| 21:43 | Queue | Cavalry Archer |
| 21:44 | Queue | Cavalry Archer |
| 21:44 | Queue | Cavalry Archer |
| 22:01 | Research | Bow Saw |
| 22:01 | Research | Bow Saw |
| 22:09 | Build | Farm |
| 22:12 | Queue | Villager (Male) |
| 22:17 | Queue | Cavalry Archer |
| 22:18 | Queue | Knight |
| 22:21 | Queue | Villager (Male) |
| 22:23 | Build | Farm |
| 22:41 | Queue | Villager (Male) |
| 22:41 | Queue | Villager (Male) |
Build order — [CL] el castigador
First 150 of 479 actions detected
| 0:00 | Queue | Villager (Male) |
| 0:00 | Queue | Villager (Male) |
| 0:01 | Queue | Villager (Male) |
| 0:02 | Build | House |
| 0:02 | Build | House |
| 0:15 | Queue | Villager (Male) |
| 0:15 | Queue | Villager (Male) |
| 1:22 | Queue | Villager (Male) |
| 1:23 | Queue | Villager (Male) |
| 1:58 | Queue | Villager (Male) |
| 2:11 | Build | Lumber Camp |
| 2:32 | Queue | Villager (Male) |
| 2:32 | Queue | Villager (Male) |
| 2:33 | Queue | Villager (Male) |
| 2:34 | Queue | Villager (Male) |
| 3:02 | Queue | Villager (Male) |
| 3:31 | Build | House |
| 3:33 | Build | House |
| 3:37 | Queue | Villager (Male) |
| 3:37 | Queue | Villager (Male) |
| 3:38 | Queue | Villager (Male) |
| 4:05 | Queue | Villager (Male) |
| 4:05 | Queue | Villager (Male) |
| 4:05 | Queue | Villager (Male) |
| 4:35 | Build | Mill |
| 4:46 | Queue | Villager (Male) |
| 5:05 | Build | Palisade Wall |
| 5:06 | Build | Palisade Wall |
| 5:06 | Build | Palisade Wall |
| 5:07 | Build | Palisade Wall |
| 5:08 | Build | Palisade Wall |
| 5:08 | Build | Palisade Wall |
| 5:13 | Build | Palisade Wall |
| 5:18 | Queue | Villager (Male) |
| 5:19 | Research | Loom |
| 5:36 | Build | House |
| 6:05 | Build | Palisade Wall |
| 6:06 | Build | Palisade Wall |
| 6:08 | Build | Palisade Wall |
| 6:33 | Build | Palisade Wall |
| 6:36 | Build | Palisade Wall |
| 6:38 | Build | Palisade Wall |
| 6:47 | Research | Feudal Age |
| 7:22 | Build | House |
| 8:08 | Queue | Villager (Male) |
| 8:13 | Queue | Villager (Male) |
| 8:15 | Build | Barracks |
| 8:21 | Build | Palisade Wall |
| 8:22 | Build | Palisade Wall |
| 8:23 | Build | Palisade Wall |
| 8:23 | Build | Palisade Wall |
| 8:27 | Build | House |
| 8:34 | Queue | Villager (Male) |
| 8:45 | Queue | Villager (Male) |
| 8:57 | Age | Feudal Age |
| 8:57 | Build | Palisade Wall |
| 8:58 | Build | Palisade Wall |
| 9:02 | Queue | Villager (Male) |
| 9:27 | Queue | Villager (Male) |
| 9:33 | Build | Palisade Wall |
| 9:33 | Queue | Villager (Male) |
| 9:54 | Build | House |
| 9:58 | Queue | Villager (Male) |
| 10:11 | Build | House |
| 10:15 | Build | Archery Range |
| 10:17 | Research | Horse Collar |
| 10:23 | Build | Palisade Wall |
| 10:26 | Build | House |
| 10:36 | Queue | Villager (Male) |
| 10:40 | Research | Double-Bit Axe |
| 10:44 | Build | Palisade Wall |
| 10:45 | Build | Palisade Wall |
| 10:49 | Build | Palisade Wall |
| 10:49 | Build | Palisade Wall |
| 11:25 | Build | Farm |
| 11:26 | Build | Farm |
| 11:29 | Queue | Villager (Male) |
| 11:29 | Queue | Villager (Male) |
| 11:39 | Build | Palisade Wall |
| 11:50 | Queue | Villager (Male) |
| 11:56 | Queue | Archer |
| 12:04 | Build | Farm |
| 12:05 | Build | Farm |
| 12:06 | Build | Farm |
| 12:10 | Build | Palisade Wall |
| 12:11 | Build | Palisade Wall |
| 12:27 | Queue | Villager (Male) |
| 12:28 | Build | Farm |
| 12:30 | Queue | Villager (Male) |
| 12:35 | Build | House |
| 12:36 | Queue | Villager (Male) |
| 12:46 | Build | Farm |
| 13:07 | Queue | Villager (Male) |
| 13:21 | Build | Palisade Wall |
| 13:22 | Build | Palisade Wall |
| 13:22 | Queue | Villager (Male) |
| 13:26 | Build | Farm |
| 13:28 | Queue | Villager (Male) |
| 13:36 | Queue | Villager (Male) |
| 13:46 | Build | Farm |
| 13:47 | Build | Farm |
| 14:10 | Build | Mining Camp |
| 14:12 | Build | Palisade Wall |
| 14:17 | Queue | Villager (Male) |
| 14:20 | Build | Farm |
| 14:22 | Build | Farm |
| 14:24 | Build | Farm |
| 14:26 | Queue | Villager (Male) |
| 14:46 | Queue | Villager (Male) |
| 14:51 | Build | Farm |
| 14:53 | Build | Farm |
| 15:35 | Queue | Villager (Male) |
| 15:40 | Build | Farm |
| 16:03 | Build | Stable |
| 16:31 | Build | Blacksmith |
| 16:57 | Research | Castle Age |
| 17:01 | Queue | Skirmisher |
| 17:03 | Research | Gold Mining |
| 17:11 | Build | House |
| 17:17 | Build | House |
| 17:30 | Queue | Skirmisher |
| 17:37 | Research | Bloodlines |
| 17:37 | Research | Bloodlines |
| 17:51 | Queue | Skirmisher |
| 17:56 | Research | Fletching |
| 17:56 | Research | Fletching |
| 18:15 | Queue | Skirmisher |
| 18:22 | Queue | Villager (Male) |
| 18:44 | Research | Scale Barding Armor |
| 18:45 | Queue | Villager (Male) |
| 18:47 | Queue | Skirmisher |
| 19:36 | Build | Palisade Gate |
| 19:39 | Build | Palisade Wall |
| 19:42 | Age | Castle Age |
| 19:43 | Queue | Skirmisher |
| 19:44 | Queue | Villager (Male) |
| 19:44 | Queue | Knight |
| 19:45 | Queue | Knight |
| 19:56 | Build | Town Center |
| 19:59 | Queue | Villager (Male) |
| 20:02 | Research | Bow Saw |
| 20:09 | Queue | Villager (Male) |
| 20:15 | Research | Bodkin Arrow |
| 20:15 | Research | Forging |
| 20:50 | Queue | Villager (Male) |
| 20:55 | Queue | Knight |
| 20:56 | Queue | Villager (Male) |
| 21:13 | Queue | Villager (Male) |
| 21:19 | Queue | Knight |
| 21:20 | Queue | Villager (Male) |
Match timeline
| 3:11 | sansarr_ · first_building Barracks |
| 5:05 | [CL] el castigador · wall_segment Palisade Wall x1 |
| 5:06 | [CL] el castigador · wall_segment Palisade Wall x1 |
| 5:06 | [CL] el castigador · wall_segment Palisade Wall x1 |
| 5:07 | [CL] el castigador · wall_segment Palisade Wall x1 |
| 5:08 | [CL] el castigador · wall_segment Palisade Wall x1 |
| 5:08 | [CL] el castigador · wall_segment Palisade Wall x1 |
| 5:13 | [CL] el castigador · wall_segment Palisade Wall x3 |
| 6:05 | [CL] el castigador · wall_segment Palisade Wall x1 |
| 6:06 | [CL] el castigador · wall_segment Palisade Wall x1 |
| 6:08 | [CL] el castigador · wall_segment Palisade Wall x5 |
| 6:33 | [CL] el castigador · wall_segment Palisade Wall x4 |
| 6:36 | [CL] el castigador · wall_segment Palisade Wall x4 |
| 6:38 | [CL] el castigador · wall_segment Palisade Wall x2 |
| 8:11 | sansarr_ · wall_segment Palisade Wall x5 |
| 8:15 | [CL] el castigador · first_building Barracks |
| 8:21 | [CL] el castigador · wall_segment Palisade Wall x1 |
| 8:22 | [CL] el castigador · wall_segment Palisade Wall x1 |
| 8:23 | [CL] el castigador · wall_segment Palisade Wall x1 |
| 8:23 | [CL] el castigador · wall_segment Palisade Wall x1 |
| 8:57 | [CL] el castigador · age_up feudal |
| 8:57 | [CL] el castigador · wall_segment Palisade Wall x1 |
| 8:58 | [CL] el castigador · wall_segment Palisade Wall x1 |
| 9:00 | sansarr_ · wall_segment Palisade Wall x3 |
| 9:33 | [CL] el castigador · wall_segment Palisade Wall x10 |
| 9:45 | sansarr_ · wall_segment Palisade Wall x5 |
| 10:15 | sansarr_ · age_up feudal |
| 10:15 | [CL] el castigador · first_building Archery Range |
| 10:23 | [CL] el castigador · wall_segment Palisade Wall x1 |
| 10:44 | [CL] el castigador · wall_segment Palisade Wall x1 |
| 10:45 | [CL] el castigador · wall_segment Palisade Wall x1 |
| 10:49 | [CL] el castigador · wall_segment Palisade Wall x1 |
| 10:49 | [CL] el castigador · wall_segment Palisade Wall x1 |
| 10:56 | sansarr_ · wall_segment Palisade Wall x5 |
| 11:39 | [CL] el castigador · wall_segment Palisade Wall x5 |
| 12:10 | [CL] el castigador · wall_segment Palisade Wall x1 |
| 12:11 | [CL] el castigador · wall_segment Palisade Wall x1 |
| 12:26 | sansarr_ · first_building Archery Range |
| 12:32 | sansarr_ · wall_segment Palisade Wall x11 |
| 13:21 | [CL] el castigador · wall_segment Palisade Wall x1 |
| 13:22 | [CL] el castigador · wall_segment Palisade Wall x1 |
| 13:29 | sansarr_ · wall_segment Palisade Wall x16 |
| 14:12 | [CL] el castigador · wall_segment Palisade Wall x1 |
| 14:51 | sansarr_ · wall_segment Palisade Wall x17 |
| 16:03 | [CL] el castigador · first_building Stable |
| 16:06 | sansarr_ · wall_segment Palisade Wall x6 |
| 16:42 | sansarr_ · wall_segment Palisade Wall x1 |
| 18:51 | sansarr_ · wall_segment Palisade Wall x1 |
| 19:26 | sansarr_ · first_building Stable |
| 19:32 | sansarr_ · wall_segment Palisade Wall x2 |
| 19:32 | sansarr_ · wall_segment Palisade Wall x1 |
| 19:39 | [CL] el castigador · wall_segment Palisade Wall x1 |
| 19:42 | [CL] el castigador · age_up castle |
| 20:52 | sansarr_ · age_up castle |
| 21:35 | [CL] el castigador · first_building Monastery |
| 24:34 | [CL] el castigador · wall_segment Palisade Wall x1 |
| 24:41 | [CL] el castigador · wall_segment Palisade Wall x1 |
| 27:59 | sansarr_ · first_building Krepost |
| 28:01 | [CL] el castigador · first_market_buy 100 food |
| 28:08 | sansarr_ · first_market_buy 100 wood |
| 28:49 | sansarr_ · first_market_sell 100 stone |
| 28:56 | [CL] el castigador · wall_segment Palisade Wall x1 |
| 29:46 | [CL] el castigador · first_market_sell 100 wood |
| 31:59 | sansarr_ · age_up imperial |
| 32:30 | [CL] el castigador · first_building Castle |
| 34:43 | [CL] el castigador · wall_segment Palisade Wall x1 |
| 34:46 | [CL] el castigador · wall_segment Palisade Wall x1 |
| 35:42 | [CL] el castigador · age_up imperial |
| 36:08 | sansarr_ · first_building Castle |
| 38:48 | sansarr_ · first_building Monastery |
| 42:43 | sansarr_ · resign |
[ AI ANALYSIS · 1 CREDIT ]
What really happened in this match?
Wolo.gg analyzes every decision: build order, eco, micro, common mistakes by bracket. Personalized analysis on WhatsApp or Discord in 30 seconds.
Civ guide
Bulgarians
Perfil
Jugador #6758959